Map: Triton LE

Players

Obsirver - Winner!

  • Race: Protoss Protoss
  • League: Master
  • Spawn Location: 5:00

Osiris

  • Race: Terran Terran
  • League: Diamond
  • Spawn Location: 11:00

VOD

Have the link to the VOD?

Description

Time

  • Played on: Feb. 15, 2020, 2:36 p.m.
  • Length: 14:41
Show
View Real Time Build Order
Export as new Build Order

Obsirver Protoss - Winner!

Build Orders: Carriers 

Get SALT Encoding   

  12  0:01  Probe  
  13  0:13  Probe  
  14  0:19  Pylon  
  14  0:25  Probe  
  15  0:37  Probe (Chrono Boost)  
  15  0:39  Pylon  
  16  0:45  Assimilator  
  16  0:48  Probe (Chrono Boost)  
  17  0:53  Probe (Chrono Boost)  
  18  0:59  Gateway  
  18  1:03  Probe  
  19  1:16  Probe  
  20  1:28  Probe  
  21  1:44  Zealot (Chrono Boost)  
  23  1:53  Cybernetics Core  
  23  1:54  Probe  
  23  1:57  Assimilator  
  23  2:00  Pylon  
  24  2:08  Nexus  
  24  2:32  Stalker (Chrono Boost)  
  24  2:37  Warp Gate  
  24  2:47  Robotics Facility, Probe  
  25  2:55  Stalker  
  27  2:59  Probe  
  28  3:11  Probe  
  29  3:24  Twilight Council  
  29  3:25  Probe (Chrono Boost)  
  30  3:30  Warp Prism (Chrono Boost)  
  30  3:31  Probe (Chrono Boost)  
  33  3:40  Probe x2 (Chrono Boost)  
  35  3:45  Probe (Chrono Boost)  
  35  3:47  Probe  
  37  3:53  Gateway  
  37  3:57  Probe  
  37  3:59  Probe, Gateway, Charge (Chrono Boost)  
  39  4:09  Probe  
  38  4:11  Probe  
  38  4:15  Gateway  
  38  4:16  Gateway  
  39  4:29  Gateway  
  39  4:33  Gateway  
  39  4:37  Gateway  
  39  4:41  Warp Prism (Chrono Boost)  
  39  4:44  Pylon  
  40  4:54  Zealot x3  
  46  5:13  Stalker  
  48  5:19  Zealot  
  50  5:23  Zealot  
  50  5:24  Zealot x2  
  56  5:38  Stalker x2  
  52  5:50  Stalker x2  
  54  6:02  Zealot x3  
  48  6:37  Stalker x3  
  54  6:45  Probe x2  
  50  6:52  Forge  
  50  6:56  Nexus  
  50  6:58  Pylon  
  50  7:01  Pylon  
  50  7:04  Probe, Pylon  
  50  7:05  Probe  
  50  7:06  Pylon  
  52  7:16  Probe  
  52  7:20  Probe  
  54  7:25  Assimilator  
  54  7:26  Assimilator  
  54  7:29  Probe  
  55  7:30  Protoss Ground Armor Level 1  
  55  7:33  Probe, Photon Cannon  
  56  7:41  Probe, Photon Cannon  
  56  7:42  Photon Cannon  
  57  7:44  Photon Cannon  
  57  7:45  Probe  
  58  7:53  Probe  
  58  7:57  Probe  
  61  8:06  Probe (Chrono Boost)  
  61  8:11  Probe (Chrono Boost)  
  63  8:13  Probe (Chrono Boost)  
  63  8:18  Probe (Chrono Boost)  
  65  8:20  Probe (Chrono Boost)  
  65  8:21  Pylon  
  65  8:23  Probe x2 (Chrono Boost)  
  65  8:24  Pylon  
  67  8:28  Pylon  
  67  8:30  Stargate  
  67  8:32  Protoss Air Weapons Level 1  
  67  8:39  Assimilator  
  67  8:40  Assimilator  
  67  8:43  Stargate  
  67  8:45  Stargate  
  67  8:49  Stalker x5  
  77  8:56  Probe x3  
  77  9:02  Stalker x2  
  84  9:08  Probe x2  
  86  9:25  Fleet Beacon  
  86  9:38  Probe x2  
  85  9:49  Stalker  
  85  9:50  Stalker x4  
  89  9:59  Probe x3  
  88  10:11  Probe x2  
  96  10:23  Carrier (Chrono Boost)  
  96  10:45  Photon Cannon  
  96  10:48  Photon Cannon  
  96  10:49  Protoss Air Weapons Level 2 (Chrono Boost)  
  96  10:50  Nexus  
  96  10:53  Gateway, Pylon  
  96  10:56  Pylon  
  102  10:58  Carrier (Chrono Boost), Assimilator  
  102  11:00  Assimilator  
  102  11:02  Pylon  
  102  11:03  Pylon  
  102  11:05  Pylon  
  102  11:07  Pylon  
  102  11:12  Robotics Facility  
  108  11:20  Carrier (Chrono Boost)  
  108  11:23  Probe x3  
  111  11:30  Carrier (Chrono Boost)  
  117  11:35  Probe  
  118  11:43  Probe x2  
  117  11:47  Probe  
  113  12:00  Probe x2  
  113  12:01  Probe, Carrier (Chrono Boost)  
  115  12:02  Probe  
  115  12:05  Carrier (Chrono Boost)  
  122  12:12  Probe  
  122  12:13  Probe  
  130  12:17  Probe x2  
  132  12:29  Pylon  
  132  12:31  Pylon  
  132  12:33  Pylon  
  132  12:37  Carrier (Chrono Boost), Gateway  
  138  12:39  Gateway  
  138  12:42  Gateway  
  138  12:44  Gateway  
  138  12:50  Carrier (Chrono Boost)  
  144  12:54  Probe x4, Carrier (Chrono Boost)  
  154  13:16  Carrier  
  154  13:19  Probe x3  
  157  13:20  Probe  
  164  13:38  Zealot  
  164  13:39  Zealot x10  
  186  13:47  Observer  
  177  14:37  Zealot x10  
Show
View Real Time Build Order
Export as new Build Order

Osiris Terran 

Build Orders: Reaper Expand 

Get SALT Encoding   

  12  0:01  SCV  
  13  0:13  SCV  
  14  0:17  Supply Depot  
  14  0:25  SCV  
  15  0:38  SCV  
  15  0:40  Barracks  
  16  0:43  Refinery  
  16  0:56  SCV  
  17  1:08  SCV  
  18  1:20  SCV  
  19  1:28  Engineering Bay  
  19  1:35  Orbital Command  
  19  1:36  Reaper  
  20  1:56  Command Center  
  20  2:03  SCV  
  20  2:07  Marine  
  22  2:17  Bunker  
  22  2:24  Supply Depot  
  22  2:27  Marine  
  20  2:37  SCV  
  21  2:47  Refinery, Marine  
  21  2:48  Factory  
  22  2:56  SCV  
  23  3:12  Barracks Reactor  
  23  3:28  SCV  
  23  3:33  Starport  
  24  3:35  Widow Mine, Orbital Command  
  24  3:40  SCV  
  27  3:52  SCV  
  28  4:01  SCV  
  29  4:04  SCV, Hellion x2  
  34  4:12  Viking, Supply Depot  
  34  4:13  SCV  
  37  4:20  SCV  
  38  4:25  SCV  
  38  4:26  Hellion x2  
  43  4:32  SCV  
  43  4:39  SCV  
  43  4:44  Viking  
  46  4:45  Barracks Tech Lab  
  46  4:48  Hellion x2  
  46  4:51  SCV  
  51  4:57  SCV  
  52  5:00  Supply Depot  
  52  5:02  Supply Depot  
  52  5:12  Hellion  
  54  5:21  Viking  
  54  5:22  SCV, Hellion  
  59  5:30  SCV  
  60  5:36  Hellion  
  60  5:39  SCV, Supply Depot x2  
  63  5:47  Hellion  
  62  5:51  Viking  
  62  5:57  Hellion, Factory  
  53  6:20  Hellion x2  
  53  6:50  SCV  
  53  6:52  Hellion x2  
  58  7:07  Cyclone, Infernal Pre-Igniter  
  61  7:08  SCV  
  62  7:16  Hellion x2  
  66  7:38  Hellion x2  
  66  7:43  Supply Depot  
  70  7:44  Supply Depot  
  70  7:46  SCV  
  70  8:01  Supply Depot  
  70  8:05  Cyclone, Hellion x2  
  77  8:13  SCV  
  78  8:21  Command Center  
  78  8:26  Mag-Field Accelerator  
  78  8:35  SCV, Armory  
  78  8:36  Supply Depot  
  79  8:42  Cyclone  
  82  8:50  Hellion  
  82  8:51  Hellion  
  86  9:01  SCV  
  87  9:07  Supply Depot  
  90  9:17  Cyclone, Hellion x2  
  88  9:45  Hellion x2  
  72  9:54  Siege Tank  
  72  9:59  Orbital Command  
  64  10:00  SCV  
  64  10:01  Starport Tech Lab  
  64  10:05  Factory  
  64  10:06  Hellion  
  67  10:12  Hellion  
  69  10:21  SCV  
  70  10:26  SCV  
  71  10:29  Cyclone  
  71  10:33  SCV  
  75  10:38  SCV  
  75  10:40  Hellion x2  
  80  10:42  Terran Vehicle Weapons Level 1  
  80  10:45  SCV  
  81  10:50  SCV  
  82  11:02  Siege Tank  
  82  11:03  Hellion x2  
  89  11:05  SCV  
  89  11:06  SCV  
  89  11:10  Refinery, Command Center  
  91  11:11  Refinery  
  91  11:14  Siege Tank  
  91  11:18  SCV x2  
  96  11:27  Hellion x2  
  96  11:30  SCV  
  101  11:34  Siege Tank  
  104  11:46  Siege Tank  
  107  11:54  Hellion x2  
  111  11:56  SCV  
  110  12:08  Factory  
  110  12:09  Siege Tank  
  110  12:10  Factory  
  113  12:21  Starport Reactor  
  113  12:23  Orbital Command  
  113  12:25  Hellion x2, Siege Tank  
  113  12:26  Smart Servos  
  120  12:36  SCV  
  121  12:40  Terran Vehicle And Ship Armor Level 1  
  121  12:45  SCV  
  121  12:48  Hellion x2, Siege Tank  
  129  12:51  Factory Tech Lab  
  129  12:53  Orbital Command  
  132  13:18  Command Center  
  135  13:22  Refinery x2  
  137  13:30  Supply Depot  
  137  13:31  Thor x2, Supply Depot  
  137  13:32  Supply Depot  
  141  13:46  Engineering Bay  
  141  13:51  Thor  
  147  13:55  Supply Depot  
  147  13:59  Widow Mine x4  
Tags
 
Composition
Carriers
Matchup
PvT
Spawn Locations
Cross Positions
Add a new tag
Caveats
  • Supply blocks, unpowered buildings, or Contaminate may cause inaccurate times.
  • Supply counts are checked every 10 seconds.